[ AOE2 MATCH · #467956855 ]
Team RMSicilians vs Chinese
[ REPLAY ANALYSIS · EXTRACTED FROM THE RECORDED GAME ]
Feudal
11:34
Castle
20:55
Imperial
—
| APM avg | 23.4 |
| APM peak | 67 |
| eAPM avg | 12.1 |
| Villagers / military | 78 / 65 |
Focus
⚔️ 30.4% · 🌾 69.6%
Serjeant ×57 · Knight ×4 · Battering Ram ×4
Feudal
12:10
Castle
18:21
Imperial
—
| APM avg | 14.5 |
| APM peak | 40 |
| eAPM avg | 9.2 |
| Villagers / military | 66 / 42 |
Focus
⚔️ 24.3% · 🌾 75.7%
Gbeto ×24 · Spearman ×12 · Scout Cavalry ×6
Feudal
10:43
Castle
20:28
Imperial
35:22
| APM avg | 21.7 |
| APM peak | 38 |
| eAPM avg | 14.4 |
| Villagers / military | 66 / 69 |
Focus
⚔️ 23.0% · 🌾 77.0%
Militia ×41 · Boyar ×23 · Trebuchet (Packed) ×3 · Battering Ram ×2
Feudal
14:14
Castle
19:17
Imperial
—
| APM avg | 10.7 |
| APM peak | 35 |
| eAPM avg | 6.8 |
| Villagers / military | 48 / 4 |
Focus
⚔️ 16.7% · 🌾 83.3%
Spearman ×2 · Archer ×2
Match map
Initial resources + every placement click. Lines = walls · curves = elevation contours. ◆ gold · ⬟ stone · ● berries · ✦ relic · ◌ wall gap
Your base· Open — unwalled flank
Chestercenter's base· Open — unwalled flank
Gamer of the south's base· Open — unwalled flank
barimba92's base· Open — unwalled flank
Smoothed initial terrain · ◌ = detected wall gap · hover for details
Inputs per minute
— behardienameer - - Chestercenter
Build order — behardienameer
First 150 of 218 actions detected
| 0:06 | Build | House |
| 0:15 | Create | Villager (Male) |
| 0:20 | Create | Villager (Male) |
| 0:24 | Build | House |
| 0:47 | Create | Villager (Male) |
| 1:13 | Create | Villager (Male) |
| 1:41 | Create | Villager (Male) |
| 2:08 | Create | Villager (Male) |
| 2:33 | Create | Villager (Male) |
| 2:42 | Build | Lumber Camp |
| 2:55 | Create | Villager (Male) |
| 3:26 | Create | Villager (Male) |
| 3:50 | Create | Villager (Male) |
| 3:58 | Build | Mill |
| 4:19 | Build | House |
| 4:29 | Create | Villager (Male) |
| 4:30 | Create | Villager (Male) |
| 4:34 | Create | Villager (Male) |
| 5:06 | Create | Villager (Male) |
| 5:23 | Create | Villager (Male) |
| 5:45 | Create | Villager (Male) |
| 6:02 | Build | House |
| 6:17 | Create | Villager (Male) |
| 6:39 | Create | Villager (Male) |
| 7:10 | Create | Villager (Male) |
| 7:27 | Create | Villager (Male) |
| 8:16 | Create | Villager (Male) |
| 8:22 | Build | House |
| 8:30 | Create | Villager (Male) |
| 9:03 | Create | Villager (Male) |
| 9:24 | Research | Feudal Age |
| 9:43 | Create | Villager (Male) |
| 10:07 | Create | Villager (Male) |
| 10:33 | Create | Villager (Male) |
| 10:47 | Build | Farm |
| 10:49 | Build | Farm |
| 10:50 | Build | Farm |
| 11:17 | Create | Villager (Male) |
| 11:34 | Age | Feudal Age |
| 11:38 | Build | Farm |
| 11:40 | Build | Farm |
| 11:41 | Build | Farm |
| 11:43 | Build | Farm |
| 11:45 | Build | Farm |
| 11:46 | Build | Farm |
| 11:58 | Build | Mining Camp |
| 11:59 | Create | Villager (Male) |
| 12:24 | Create | Villager (Male) |
| 12:33 | Build | House |
| 12:57 | Build | Farm |
| 13:00 | Build | Farm |
| 13:04 | Build | Farm |
| 13:14 | Build | Farm |
| 13:32 | Create | Villager (Male) |
| 13:40 | Research | Double-Bit Axe |
| 14:27 | Build | Blacksmith |
| 14:30 | Create | Villager (Male) |
| 14:31 | Create | Villager (Male) |
| 14:43 | Build | House |
| 15:04 | Create | Villager (Male) |
| 15:11 | Build | House |
| 15:35 | Build | Donjon |
| 15:45 | Create | Villager (Male) |
| 15:46 | Create | Villager (Male) |
| 16:03 | Create | Villager (Male) |
| 16:11 | Research | Horse Collar |
| 16:24 | Create | Villager (Male) |
| 16:38 | Build | Barracks |
| 16:42 | Create | Villager (Male) |
| 17:04 | Build | Stable |
| 17:06 | Create | Serjeant |
| 17:07 | Create | Serjeant |
| 17:07 | Create | Serjeant |
| 17:07 | Create | Serjeant |
| 17:07 | Create | Serjeant |
| 17:08 | Create | Serjeant |
| 17:08 | Create | Serjeant |
| 17:12 | Create | Villager (Male) |
| 17:18 | Build | Mining Camp |
| 18:03 | Research | Castle Age |
| 18:12 | Create | Villager (Male) |
| 18:12 | Create | Villager (Male) |
| 18:30 | Create | Villager (Male) |
| 18:51 | Create | Villager (Male) |
| 19:24 | Build | Donjon |
| 19:33 | Create | Villager (Male) |
| 19:40 | Create | Villager (Male) |
| 19:50 | Build | Farm |
| 19:52 | Build | Farm |
| 19:54 | Create | Villager (Male) |
| 19:57 | Research | Gold Mining |
| 19:59 | Research | Stone Mining |
| 20:36 | Create | Villager (Male) |
| 20:41 | Research | Scale Mail Armor |
| 20:55 | Create | Serjeant |
| 20:55 | Create | Serjeant |
| 20:55 | Age | Castle Age |
| 21:08 | Create | Villager (Male) |
| 21:23 | Research | Scale Barding Armor |
| 21:45 | Create | Serjeant |
| 21:45 | Create | Serjeant |
| 22:10 | Build | Town Center |
| 22:19 | Create | Serjeant |
| 22:20 | Create | Serjeant |
| 22:27 | Create | Knight |
| 22:27 | Create | Knight |
| 22:34 | Build | House |
| 22:35 | Build | House |
| 23:34 | Build | Donjon |
| 23:40 | Create | Serjeant |
| 23:40 | Create | Serjeant |
| 23:45 | Create | Villager (Male) |
| 23:46 | Create | Villager (Male) |
| 23:49 | Create | Villager (Male) |
| 23:49 | Create | Villager (Male) |
| 23:49 | Create | Villager (Male) |
| 23:50 | Create | Villager (Male) |
| 24:01 | Build | House |
| 24:42 | Build | Mining Camp |
| 24:45 | Create | Villager (Male) |
| 24:45 | Create | Villager (Male) |
| 24:47 | Create | Villager (Male) |
| 24:48 | Create | Villager (Male) |
| 25:16 | Create | Serjeant |
| 25:20 | Create | Serjeant |
| 25:40 | Build | Mining Camp |
| 25:42 | Create | Villager (Male) |
| 25:43 | Create | Villager (Male) |
| 25:57 | Create | Villager (Male) |
| 26:04 | Research | Squires |
| 26:20 | Create | Villager (Male) |
| 26:21 | Create | Villager (Male) |
| 26:39 | Build | University |
| 26:43 | Create | Villager (Male) |
| 26:43 | Create | Villager (Male) |
| 27:11 | Build | Siege Workshop |
| 27:13 | Create | Villager (Male) |
| 27:13 | Create | Villager (Male) |
| 27:25 | Research | Padded Archer Armor |
| 27:35 | Create | Serjeant |
| 27:36 | Create | Serjeant |
| 27:36 | Create | Serjeant |
| 27:48 | Build | Donjon |
| 27:53 | Create | Villager (Male) |
| 27:53 | Create | Villager (Male) |
| 28:03 | Build | House |
| 28:05 | Build | House |
| 28:05 | Build | House |
| 28:06 | Build | House |
| 28:07 | Build | House |
Build order — Chestercenter
First 150 of 166 actions detected
| 0:04 | Create | Villager (Male) |
| 0:04 | Create | Villager (Male) |
| 0:04 | Create | Villager (Male) |
| 0:05 | Create | Villager (Male) |
| 0:17 | Build | House |
| 0:18 | Build | House |
| 0:21 | Build | House |
| 1:03 | Build | House |
| 1:49 | Build | House |
| 2:21 | Create | Villager (Male) |
| 2:22 | Research | Loom |
| 2:23 | Create | Villager (Male) |
| 3:38 | Build | Lumber Camp |
| 3:50 | Create | Villager (Male) |
| 3:50 | Create | Villager (Male) |
| 3:50 | Create | Villager (Male) |
| 4:10 | Create | Villager (Male) |
| 4:10 | Create | Villager (Male) |
| 5:30 | Create | Villager (Male) |
| 5:30 | Create | Villager (Male) |
| 5:30 | Create | Villager (Male) |
| 5:36 | Build | House |
| 5:37 | Build | House |
| 5:39 | Build | House |
| 6:52 | Create | Villager (Male) |
| 6:52 | Create | Villager (Male) |
| 6:52 | Create | Villager (Male) |
| 6:52 | Create | Villager (Male) |
| 6:53 | Create | Villager (Male) |
| 7:25 | Build | Mill |
| 9:30 | Build | Barracks |
| 10:00 | Research | Feudal Age |
| 10:19 | Build | Farm |
| 10:21 | Build | Farm |
| 10:30 | Create | Villager (Male) |
| 10:31 | Create | Villager (Male) |
| 11:34 | Build | Farm |
| 11:49 | Create | Villager (Male) |
| 11:49 | Create | Villager (Male) |
| 11:50 | Create | Villager (Male) |
| 11:50 | Create | Villager (Male) |
| 11:51 | Create | Villager (Male) |
| 12:05 | Build | Mining Camp |
| 12:10 | Age | Feudal Age |
| 12:36 | Build | Blacksmith |
| 12:43 | Build | Stable |
| 13:54 | Build | Farm |
| 14:33 | Build | Mining Camp |
| 14:49 | Create | Villager (Male) |
| 14:49 | Create | Villager (Male) |
| 14:49 | Create | Villager (Male) |
| 14:50 | Create | Villager (Male) |
| 15:15 | Build | Farm |
| 15:17 | Build | Farm |
| 15:19 | Build | Farm |
| 15:23 | Build | House |
| 15:24 | Build | House |
| 15:26 | Build | House |
| 15:41 | Research | Castle Age |
| 16:01 | Create | Scout Cavalry |
| 16:02 | Create | Scout Cavalry |
| 16:02 | Create | Scout Cavalry |
| 16:39 | Build | Farm |
| 16:42 | Build | Farm |
| 16:43 | Build | Farm |
| 16:45 | Build | Farm |
| 17:24 | Research | Bloodlines |
| 17:25 | Create | Scout Cavalry |
| 17:25 | Create | Scout Cavalry |
| 17:26 | Create | Scout Cavalry |
| 17:34 | Build | Farm |
| 18:21 | Age | Castle Age |
| 18:48 | Build | Town Center |
| 19:00 | Create | Villager (Male) |
| 19:01 | Create | Villager (Male) |
| 19:01 | Create | Villager (Male) |
| 19:01 | Create | Villager (Male) |
| 19:01 | Create | Villager (Male) |
| 19:01 | Create | Villager (Male) |
| 19:02 | Create | Villager (Male) |
| 19:02 | Create | Villager (Male) |
| 19:02 | Create | Villager (Male) |
| 20:22 | Create | Villager (Male) |
| 20:23 | Create | Villager (Male) |
| 20:23 | Create | Villager (Male) |
| 20:23 | Create | Villager (Male) |
| 20:23 | Create | Villager (Male) |
| 20:24 | Create | Villager (Male) |
| 20:24 | Create | Villager (Male) |
| 21:34 | Research | Double-Bit Axe |
| 21:42 | Research | Horse Collar |
| 23:09 | Build | Castle |
| 24:10 | Create | Gbeto ×5 |
| 24:10 | Create | Gbeto ×5 |
| 24:10 | Create | Gbeto ×5 |
| 24:24 | Build | Mining Camp |
| 26:23 | Build | House |
| 26:24 | Build | House |
| 26:43 | Build | Town Center |
| 26:53 | Build | House |
| 26:54 | Build | House |
| 26:56 | Build | House |
| 27:09 | Create | Gbeto |
| 27:09 | Create | Gbeto |
| 27:10 | Create | Gbeto |
| 27:10 | Create | Gbeto |
| 27:10 | Create | Gbeto |
| 27:11 | Create | Gbeto |
| 27:11 | Create | Gbeto |
| 27:11 | Create | Gbeto |
| 27:12 | Create | Gbeto |
| 27:29 | Build | Mining Camp |
| 27:30 | Create | Villager (Male) |
| 27:31 | Create | Villager (Male) |
| 27:31 | Create | Villager (Male) |
| 27:31 | Create | Villager (Male) |
| 27:31 | Create | Villager (Male) |
| 27:55 | Build | Archery Range |
| 28:00 | Create | Villager (Male) |
| 28:00 | Create | Villager (Male) |
| 28:00 | Create | Villager (Male) |
| 28:01 | Create | Villager (Male) |
| 30:40 | Build | Farm |
| 30:41 | Build | Farm |
| 30:42 | Build | Farm |
| 30:49 | Build | Mining Camp |
| 31:02 | Create | Villager (Male) |
| 31:03 | Create | Villager (Male) |
| 31:03 | Create | Villager (Male) |
| 31:03 | Create | Villager (Male) |
| 31:23 | Build | Farm |
| 31:25 | Build | Farm |
| 31:27 | Build | Farm |
| 31:28 | Build | Farm |
| 31:30 | Build | Farm |
| 32:10 | Research | Pikeman (upgrade) |
| 32:11 | Create | Spearman |
| 32:11 | Create | Spearman |
| 32:11 | Create | Spearman |
| 32:11 | Create | Spearman |
| 32:11 | Create | Spearman |
| 32:12 | Create | Spearman |
| 32:12 | Create | Spearman |
| 32:12 | Create | Spearman |
| 32:12 | Create | Spearman |
| 32:13 | Create | Spearman |
| 32:13 | Create | Spearman |
| 32:13 | Create | Spearman |
| 32:50 | Build | Castle |
| 33:07 | Research | Forging |
Build order — Gamer of the south
First 150 of 227 actions detected
| 0:04 | Build | House |
| 0:05 | Build | House |
| 0:06 | Create | Villager (Male) |
| 0:07 | Create | Villager (Male) |
| 0:23 | Create | Villager (Male) |
| 0:23 | Create | Villager (Male) |
| 1:29 | Create | Villager (Male) |
| 1:54 | Build | Lumber Camp |
| 2:12 | Create | Villager (Male) |
| 2:21 | Create | Villager (Male) |
| 2:59 | Create | Villager (Male) |
| 3:10 | Create | Villager (Male) |
| 3:33 | Build | Mill |
| 3:53 | Create | Villager (Male) |
| 3:57 | Build | House |
| 4:32 | Create | Villager (Male) |
| 4:43 | Create | Villager (Male) |
| 5:01 | Create | Villager (Male) |
| 5:53 | Create | Villager (Male) |
| 5:53 | Create | Villager (Male) |
| 6:20 | Create | Villager (Male) |
| 6:20 | Create | Villager (Male) |
| 6:26 | Build | House |
| 6:51 | Build | House |
| 7:00 | Research | Loom |
| 7:26 | Create | Villager (Male) |
| 7:27 | Create | Villager (Male) |
| 7:42 | Create | Villager (Male) |
| 8:03 | Build | Mining Camp |
| 8:33 | Research | Feudal Age |
| 9:38 | Build | Barracks |
| 9:42 | Build | House |
| 9:44 | Build | House |
| 10:03 | Build | House |
| 10:23 | Create | Villager (Male) |
| 10:24 | Create | Villager (Male) |
| 10:24 | Create | Villager (Male) |
| 10:43 | Age | Feudal Age |
| 11:03 | Build | Farm |
| 11:04 | Build | Farm |
| 11:16 | Create | Villager (Male) |
| 11:18 | Research | Wheelbarrow |
| 12:29 | Build | Blacksmith |
| 12:36 | Create | Villager (Male) |
| 12:37 | Create | Villager (Male) |
| 13:09 | Research | Double-Bit Axe |
| 13:44 | Create | Villager (Male) |
| 13:56 | Build | Lumber Camp |
| 14:06 | Research | Town Watch |
| 14:10 | Create | Villager (Male) |
| 14:10 | Create | Villager (Male) |
| 14:11 | Create | Villager (Male) |
| 14:29 | Research | Scale Mail Armor |
| 14:32 | Research | Forging |
| 14:48 | Build | Market |
| 15:01 | Build | Farm |
| 15:06 | Build | Farm |
| 15:23 | Build | Farm |
| 15:35 | Research | Horse Collar |
| 15:52 | Build | Farm |
| 15:54 | Build | Farm |
| 16:13 | Build | Farm |
| 16:16 | Build | Farm |
| 16:22 | Research | Gold Mining |
| 16:32 | Create | Villager (Male) |
| 16:37 | Build | Farm |
| 16:43 | Create | Villager (Male) |
| 17:07 | Research | Man-at-Arms (upgrade) |
| 17:23 | Create | Villager (Male) |
| 17:28 | Build | Farm |
| 17:47 | Research | Castle Age |
| 17:58 | Build | Barracks |
| 18:08 | Build | Farm |
| 18:48 | Build | House |
| 19:05 | Build | Watch Tower |
| 19:32 | Create | Militia |
| 19:32 | Create | Militia |
| 19:32 | Create | Militia |
| 19:33 | Create | Militia |
| 19:33 | Create | Militia |
| 19:37 | Create | Militia |
| 19:37 | Create | Militia |
| 19:37 | Create | Militia |
| 19:38 | Create | Militia |
| 19:38 | Create | Militia |
| 19:47 | Create | Militia |
| 19:47 | Create | Militia |
| 19:47 | Create | Militia |
| 19:48 | Create | Militia |
| 19:48 | Create | Militia |
| 19:51 | Create | Militia |
| 20:03 | Build | Farm |
| 20:25 | Create | Villager (Male) |
| 20:26 | Create | Villager (Male) |
| 20:26 | Create | Villager (Male) |
| 20:28 | Age | Castle Age |
| 20:54 | Build | Town Center |
| 21:10 | Research | Squires |
| 21:30 | Create | Villager (Male) |
| 21:31 | Create | Villager (Male) |
| 21:33 | Build | Farm |
| 21:35 | Build | Farm |
| 21:45 | Research | Long Swordsman (upgrade) |
| 22:08 | Research | Iron Casting |
| 22:15 | Build | Farm |
| 22:16 | Build | Farm |
| 22:20 | Create | Villager (Male) |
| 22:20 | Create | Villager (Male) |
| 22:21 | Create | Villager (Male) |
| 22:52 | Research | Chain Mail Armor |
| 23:17 | Create | Villager (Male) |
| 23:18 | Create | Villager (Male) |
| 23:18 | Create | Villager (Male) |
| 23:20 | Build | Farm |
| 23:22 | Build | Farm |
| 23:26 | Create | Villager (Male) |
| 23:52 | Create | Villager (Male) |
| 23:52 | Create | Villager (Male) |
| 23:53 | Create | Villager (Male) |
| 23:58 | Create | Villager (Male) |
| 24:35 | Create | Militia |
| 24:36 | Create | Militia |
| 24:36 | Create | Militia |
| 24:36 | Create | Militia |
| 24:37 | Create | Militia |
| 24:37 | Create | Militia |
| 24:37 | Create | Militia |
| 24:44 | Create | Villager (Male) |
| 24:44 | Create | Villager (Male) |
| 24:47 | Build | Mining Camp |
| 25:25 | Create | Militia |
| 25:26 | Create | Militia |
| 25:26 | Create | Militia |
| 25:26 | Create | Militia |
| 25:27 | Create | Militia |
| 25:27 | Create | Militia |
| 25:33 | Build | Farm |
| 25:35 | Build | Farm |
| 25:39 | Build | Farm |
| 25:52 | Build | Farm |
| 25:54 | Build | Farm |
| 26:12 | Research | Hand Cart |
| 26:12 | Create | Villager (Male) |
| 26:12 | Create | Villager (Male) |
| 26:41 | Create | Villager (Male) |
| 26:42 | Create | Villager (Male) |
| 26:42 | Create | Villager (Male) |
| 26:47 | Build | Siege Workshop |
| 26:47 | Build | Siege Workshop |
| 26:49 | Build | Siege Workshop |
Build order — barimba92
113 actions detected in the replay
| 0:03 | Build | House |
| 0:04 | Build | House |
| 0:06 | Build | House |
| 1:23 | Create | Villager (Male) |
| 2:11 | Create | Villager (Male) |
| 2:11 | Create | Villager (Male) |
| 3:07 | Create | Villager (Male) |
| 3:07 | Create | Villager (Male) |
| 3:22 | Build | Lumber Camp |
| 4:19 | Create | Villager (Male) |
| 4:19 | Create | Villager (Male) |
| 5:07 | Create | Villager (Male) |
| 5:07 | Create | Villager (Male) |
| 5:37 | Create | Villager (Male) |
| 5:38 | Create | Villager (Male) |
| 5:41 | Create | Villager (Male) |
| 6:07 | Create | Villager (Male) |
| 6:07 | Create | Villager (Male) |
| 6:56 | Build | Mill |
| 7:26 | Create | Villager (Male) |
| 7:26 | Create | Villager (Male) |
| 7:45 | Build | House |
| 7:46 | Build | House |
| 7:47 | Build | House |
| 7:48 | Build | House |
| 7:55 | Build | Barracks |
| 8:03 | Build | Palisade Wall |
| 8:06 | Build | Palisade Gate |
| 8:59 | Build | Mill |
| 9:14 | Create | Villager (Male) |
| 9:14 | Create | Villager (Male) |
| 9:15 | Create | Villager (Male) |
| 9:48 | Build | Mining Camp |
| 10:08 | Build | Palisade Wall |
| 10:10 | Build | Palisade Wall |
| 10:15 | Build | Palisade Gate |
| 10:34 | Create | Villager (Male) |
| 10:44 | Build | Lumber Camp |
| 10:47 | Create | Villager (Male) |
| 10:47 | Create | Villager (Male) |
| 11:03 | Build | Farm |
| 11:07 | Build | Farm |
| 11:39 | Build | Palisade Wall |
| 11:48 | Create | Villager (Male) |
| 11:51 | Research | Feudal Age |
| 12:06 | Create | Villager (Male) |
| 12:06 | Create | Villager (Male) |
| 12:12 | Build | Farm |
| 12:13 | Build | Farm |
| 12:18 | Build | Farm |
| 12:42 | Build | House |
| 12:44 | Build | House |
| 12:45 | Build | House |
| 12:48 | Build | House |
| 12:52 | Build | House |
| 13:08 | Build | Palisade Gate |
| 13:15 | Build | Palisade Wall |
| 13:29 | Create | Villager (Male) |
| 14:14 | Age | Feudal Age |
| 14:36 | Build | Market |
| 14:58 | Build | Market |
| 15:06 | Build | Blacksmith |
| 15:22 | Build | Stone Wall |
| 15:36 | Build | Stone Wall |
| 15:42 | Build | Stone Wall |
| 15:48 | Build | Gate |
| 16:03 | Build | Stone Wall |
| 16:07 | Build | Gate |
| 16:28 | Build | Farm |
| 16:31 | Build | Farm |
| 16:36 | Build | Farm |
| 16:37 | Research | Castle Age |
| 16:40 | Create | Villager (Male) |
| 16:41 | Create | Villager (Male) |
| 16:41 | Create | Villager (Male) |
| 17:04 | Build | House |
| 17:15 | Research | Double-Bit Axe |
| 17:40 | Create | Spearman |
| 17:40 | Create | Spearman |
| 18:27 | Build | Palisade Gate |
| 18:42 | Build | Stone Wall |
| 19:17 | Age | Castle Age |
| 19:20 | Build | Town Center |
| 20:03 | Build | Town Center |
| 20:13 | Research | Loom |
| 20:39 | Build | House |
| 20:41 | Build | House |
| 20:42 | Build | House |
| 20:44 | Build | House |
| 21:19 | Build | Archery Range |
| 21:38 | Create | Villager (Male) |
| 21:38 | Create | Villager (Male) |
| 21:38 | Create | Villager (Male) |
| 21:38 | Create | Villager (Male) |
| 21:38 | Create | Villager (Male) |
| 21:39 | Create | Villager (Male) |
| 21:39 | Create | Villager (Male) |
| 21:39 | Create | Villager (Male) |
| 21:40 | Create | Villager (Male) |
| 21:40 | Create | Villager (Male) |
| 21:40 | Create | Villager (Male) |
| 21:40 | Create | Villager (Male) |
| 21:41 | Create | Villager (Male) |
| 21:41 | Create | Villager (Male) |
| 21:41 | Create | Villager (Male) |
| 21:41 | Create | Villager (Male) |
| 22:18 | Create | Villager (Male) |
| 22:19 | Create | Villager (Male) |
| 22:19 | Create | Villager (Male) |
| 23:19 | Build | House |
| 23:21 | Build | House |
| 23:42 | Create | Archer |
| 23:43 | Create | Archer |
Match timeline
| 7:55 | barimba92 · first_building Barracks |
| 8:03 | barimba92 · wall_segment Palisade Wall x5 |
| 9:30 | Chestercenter · first_building Barracks |
| 9:38 | Gamer of the south · first_building Barracks |
| 10:08 | barimba92 · wall_segment Palisade Wall x14 |
| 10:10 | barimba92 · wall_segment Palisade Wall x1 |
| 10:43 | Gamer of the south · age_up feudal |
| 11:34 | behardienameer · age_up feudal |
| 11:39 | barimba92 · wall_segment Palisade Wall x1 |
| 12:10 | Chestercenter · age_up feudal |
| 12:43 | Chestercenter · first_building Stable |
| 13:15 | barimba92 · wall_segment Palisade Wall x1 |
| 14:14 | barimba92 · age_up feudal |
| 15:22 | barimba92 · wall_segment Stone Wall x10 |
| 15:35 | behardienameer · first_building Donjon |
| 15:36 | barimba92 · wall_segment Stone Wall x10 |
| 15:42 | barimba92 · wall_segment Stone Wall x6 |
| 16:03 | barimba92 · wall_segment Stone Wall x10 |
| 16:07 | Gamer of the south · first_market_buy 100 food |
| 16:38 | behardienameer · first_building Barracks |
| 17:04 | behardienameer · first_building Stable |
| 17:13 | Gamer of the south · first_market_sell 100 wood |
| 18:21 | Chestercenter · age_up castle |
| 18:42 | barimba92 · wall_segment Stone Wall x1 |
| 19:08 | barimba92 · first_market_buy 100 stone |
| 19:17 | barimba92 · age_up castle |
| 19:45 | barimba92 · first_market_sell 100 food |
| 20:28 | Gamer of the south · age_up castle |
| 20:55 | behardienameer · age_up castle |
| 21:19 | barimba92 · first_building Archery Range |
| 23:09 | Chestercenter · first_building Castle |
| 25:40 | barimba92 · resign |
| 26:47 | Gamer of the south · first_building Siege Workshop |
| 27:11 | behardienameer · first_building Siege Workshop |
| 27:55 | Chestercenter · first_building Archery Range |
| 28:52 | Gamer of the south · first_building Castle |
| 32:00 | behardienameer · first_building Castle |
| 33:45 | behardienameer · first_building Archery Range |
| 33:57 | Chestercenter · first_building Siege Workshop |
| 35:22 | Gamer of the south · age_up imperial |
[ AI ANALYSIS · 1 CREDIT ]
What really happened in this match?
Wolo.gg analyzes every decision: build order, eco, micro, common mistakes by bracket. Personalized analysis on WhatsApp or Discord in 30 seconds.
Civ guide
Sicilians
Map guide
MegaRandom
Perfil
Jugador #23737620